 Dungeon Crawl Stone Soup version 0.28.0-53-g5a82cb258f (webtiles) character file.

Game seed: 10249084041388241575

1397 safid the Digger (level 8, -48/50 HPs)
             Began as a Gargoyle Earth Elementalist on Sept 6, 2022.
             Was an Initiate of Vehumet.
             Annihilated by a boulder beetle (54 damage)
             ... on level 6 of the Dungeon.
             The game lasted 00:09:40 (6372 turns).

safid the Digger (Gargoyle Earth Elementalist)      Turns: 6372, Time: 00:09:41

Health: -48/50     AC: 11    Str: 15    XL:     8   Next: 69%
Magic:  2/15       EV: 12    Int: 18    God:    Vehumet [......]
Gold:   249        SH:  0    Dex: 14    Spells: 13/17 levels left

rFire   . . .      SeeInvis .   f - +0 spear (freeze)
rCold   . . .      Faith    .   (no shield)
rNeg    + . .      Spirit   .   q - +1 leather armour of the Bulwark {Str+3 Dex+4 Slay+6}
rPois   ∞          Reflect  .   (no helmet)
rElec   +          Harm     .   (no cloak)
rCorr   .          Rampage  .   m - +1 pair of gloves
Will    .....                   (no boots)
Stlth   ++........              (no amulet)
HPRegen 0.16/turn               (no ring)
MPRegen 0.14/turn               (no ring)

@: no status effects
A: sickness immunity, AC +5, negative energy resistance 1, electricity
resistance, torment resistance 1, petrification resistance
a: Renounce Religion


You were on level 6 of the Dungeon.
You worshipped Vehumet.
Vehumet was noncommittal.
You visited 2 branches of the dungeon, and saw 7 of its levels.

You collected 249 gold pieces.

Inventory:

Hand Weapons
 f - a +0 spear of freezing (weapon)
Missiles
 c - 63 stones
Armour
 m - a +1 pair of gloves (worn)
 q - the +1 leather armour of the Bulwark (worn) {Str+3 Dex+4 Slay+6}
   (You found it on level 3 of the Dungeon)

   Str:       It affects your strength (+3).
   Dex:       It affects your dexterity (+4).
   Slay:      It affects your accuracy & damage with ranged weapons and melee
   (+6).
Wands
 a - a wand of charming (5)
Scrolls
 b - a scroll of immolation
 d - 2 scrolls of magic mapping
 e - 2 scrolls of enchant weapon {unknown}
 g - a scroll of acquirement {unknown}
 h - 2 scrolls of blinking
 i - a scroll of brand weapon {unknown}
 k - a scroll of fear {unknown}
 n - a scroll of noise {unknown}
 p - 3 scrolls of vulnerability
 v - a scroll of teleportation {unknown}
Potions
 j - a potion of might {unknown}
 l - a potion of berserk rage {unknown}
 o - a potion of brilliance {unknown}
 r - 2 potions of curing
 s - a potion of flight {unknown}
 t - a potion of cancellation {unknown}
 u - a potion of heal wounds {unknown}


   Skills:
 + Level 5.5 Fighting
 - Level 2.0 Armour
 - Level 2.0 Dodging
 - Level 2.1 Stealth
 + Level 5.0 Spellcasting
 + Level 4.7 Conjurations
 - Level 0.7 Transmutations
 + Level 7.2 Earth Magic


You had 13 spell levels left.
You knew the following spells:

 Your Spells              Type           Power      Damage    Failure   Level
a - Sandblast             Erth           60%        2d14      1%          1
b - Stone Arrow           Conj/Erth      52%        3d10      4%          3

Your spell library contained the following spells:

 Spells                   Type           Power      Damage    Failure   Level
 Passwall                 Tmut/Erth      15%        N/A       4%          2
 Petrify                  Tmut/Erth      18%        N/A       32%         4
 Inner Flame              Hex/Fire       4%         N/A       43%         3
 Cause Fear               Hex            2%         N/A       85%         4
 Discord                  Hex            2%         N/A       100%        8


Dungeon Overview and Level Annotations

Branches:
Dungeon (6/15)             Temple (1/1) D:6

Altars:
Ashenzari
Cheibriados
Dithmenos
Gozag
Hepliaklqana
Kikubaaqudgha
Nemelex Xobeh
Okawaru
Ru
Trog
Uskayaw
Vehumet
Zin

Shops:
D:4 [


Innate Abilities, Weirdness & Mutations

You are immune to sickness and miasma.
Your stone body is resilient. (AC +5)
You are immune to poison.
You resist negative energy. (rN+)
You are resistant to electric shocks. (rElec)
You are resistant to unholy torment.
You are immune to petrification.


Message History

The boulder beetle is moderately wounded.
The boulder beetle closely misses you.
Unknown command.
You hit the boulder beetle. You freeze the boulder beetle.
The boulder beetle is moderately wounded.
The boulder beetle leaps!
Casting: Stone Arrow (dangerous; 4% risk of failure)
Confirm with . or Enter, or press ? or * to list all spells.
You don't have enough magic to cast this spell.
Unknown command.
Casting: Stone Arrow (dangerous; 4% risk of failure)
Confirm with . or Enter, or press ? or * to list all spells.
Aiming: Sandblast (safe; 1% risk of failure)
Press: ? - help, Shift-Dir - straight line, f/p - boulder beetle
Aim: a boulder beetle (moderately wounded, 100% to hit)
The blast of sand hits the boulder beetle.
The boulder beetle is moderately wounded.
Unknown command.
You hit the boulder beetle. You freeze the boulder beetle.
The boulder beetle is moderately wounded.
The boulder beetle bites you!!
Ouch! That really hurt!
Okay, then.
Okay, then.
The boulder beetle bites you.
You hit the boulder beetle but do no damage.
The boulder beetle is moderately wounded.
The boulder beetle misses you.
Unknown command.
You hit the boulder beetle. You freeze the boulder beetle.
The boulder beetle is moderately wounded.
The boulder beetle bites you!
* * * LOW HITPOINT WARNING * * *
The boulder beetle curls into a ball and begins rolling!
The boulder beetle barely misses you.
The boulder beetle stops rolling and uncurls.
The boulder beetle curls into a ball and begins rolling!
The boulder beetle hits you!!!
Ouch! That really hurt!
You die...

...##...#..#
...##...#..##
#..........$.#
#..#..$.....########
...###.#°..........#
.......°...#..⌠..#..#
.......○..##.....# .##
.......B.##..#.#..##..#
.....#.@##..##.##..##.##
...........##...##......
.........⌠....>....÷....
...........##...##.....#
..##....##..##.##..##...
. ...... #..#.#..##..##
##...... #)...)##...#
........#..⌠..#..###
..........##


You could see a boulder beetle (rolling).

Vanquished Creatures
  Grinder (D:4)
  A sky beast (D:6)
  A necrophage (D:6)
  2 black bears (D:5)
  A centaur (D:5)
  2 ogres (D:5)
  A phantom (D:5)
  A bullfrog (D:6)
  A scorpion (D:5)
  A centaur zombie (D:5)
  An orc priest (D:4)
  A jelly (D:4)
  A bullfrog skeleton (D:6)
  An orc wizard (D:4)
  An iguana (D:4)
  A hound zombie (D:5)
  A hound skeleton (D:4)
  A gnoll (D:1)
  10 adders
  An adder skeleton (D:5)
  A dart slug (D:2)
  12 orcs
  7 ball pythons
  8 endoplasms
  3 giant cockroaches
  10 goblins
  7 hobgoblins
  6 kobolds
  2 quokkas
  9 bats
  4 rats
  A spectral goblin (D:3)
101 creatures vanquished.

Vanquished Creatures (others)
  A plant (D:5)
1 creature vanquished.

Grand Total: 102 creatures vanquished

Notes
Turn   | Place    | Note
-------+----------+-------------------------------------------
     0 | D:1      | safid the Gargoyle Earth Elementalist began the quest for
                  | the Orb.
     0 | D:1      | Reached XP level 1. HP: 10/10 MP: 3/3
   356 | D:1      | Reached XP level 2. HP: 15/16 MP: 5/5
   619 | D:1      | Reached skill level 1 in Fighting
   810 | D:1      | Reached skill level 4 in Earth Magic
   986 | D:1      | Reached XP level 3. HP: 20/20 MP: 6/6
  1522 | D:2      | Reached XP level 4. HP: 20/26 MP: 7/7
  2296 | D:2      | Found an iron altar of Okawaru.
  2483 | D:3      | Found an opulent altar of Gozag.
  2484 | D:3      | Found a hazy altar of Hepliaklqana.
  2514 | D:3      | Found an ancient bone altar of Kikubaaqudgha.
  2880 | D:3      | Found a faded altar of an unknown god.
  3310 | D:3      | Identified the +1 leather armour of the Bulwark {Str+3
                  | Dex+4 Slay+6}
  3372 | D:3      | Learned a level 3 spell: Stone Arrow
  3649 | D:4      | Reached XP level 5. HP: 31/31 MP: 9/9
  3798 | D:4      | Noticed Grinder
  3798 | D:4      | Paralysed by Grinder for 6 turns
  3820 | D:4      | Killed Grinder
  3821 | D:4      | Reached skill level 1 in Armour
  3821 | D:4      | Reached skill level 1 in Conjurations
  3821 | D:4      | Reached skill level 5 in Earth Magic
  3821 | D:4      | Reached XP level 6. HP: 22/37 MP: 8/11
  4512 | D:4      | Found Vahagn's Dragon-Slaying Spoils.
  4582 | D:4      | Reached XP level 7. HP: 32/41 MP: 12/12
  4780 | D:5      | Entered Level 5 of the Dungeon
  5082 | D:5      | Reached skill level 6 in Earth Magic
  5252 | D:5      | Found a glowing silver altar of Zin.
  5420 | D:5      | Reached XP level 8. HP: 48/48 MP: 10/14
  5644 | D:5      | Reached skill level 5 in Fighting
  5902 | D:6      | Reached skill level 7 in Earth Magic
  6064 | D:6      | Found a staircase to the Ecumenical Temple.
  6069 | D:6      | Reached skill level 5 in Spellcasting
  6080 | Temple   | Entered the Ecumenical Temple
  6299 | Temple   | Became a worshipper of Vehumet
  6342 | D:6      | Noticed a boulder beetle
  6372 | D:6      | Annihilated by a boulder beetle

Illustrated notes

Levels and vault maps discovered:
D:1:      evilmike_arrival_fibonacci_small, layout_basic, st_stairs_3,
          minivault_27, minmay_misc_feat_diagonals, interstate_on_off,
          minmay_misc_feat_roman
D:2:      layout_loops_ring, basic_altar
D:3:      layout_basic, chequers_temple_overflow_statue_of_worship,
          dreamdust_ecumenical_altar_drowned_temple, st_stairs_1
D:4:      layout_gridville, serial_bayou_pond_c, chequers_serial_rivers_marsh,
          nicolae_shop_dragon_depot, uniq_grinder
D:5:      layout_cave_pods, mainiacjoe_overflow_six_doors_small,
          guppyfry_early_lair_pool
D:6:      layout_cave_pools, minmay_overflow_temple_hex,
          minmay_temple_entry_waves, kennysheep_generic_room_13
Temple:   jpeg_temple_island

Skill      XL: |  1  2  3  4  5  6  7  8 |
---------------+-------------------------+-----
Fighting       | 1 2 3 4 5 |  5.5
Earth Magic    | 4 5 6 7 |  7.2
Dodging        | 2 |  2.0
Spellcasting   | 3 4 5 |  5.0
Armour         | 1 2 |  2.0
Conjurations   | 1 2 3 4 |  4.7
Stealth        | |  2.1
Transmutations | |  0.7

Action                   |  1- 3 |  4- 6 |  7- 9 || total
-------------------------+-------+-------+-------++-------
Melee: Hand axe          |    21 |       |       ||    21
       Unarmed           |     5 |       |       ||     5
       Spear             |    67 |   201 |    99 ||   367
       Punch             |       |     1 |     4 ||     5
 Cast: Sandblast         |     3 |     4 |    18 ||    25
       Stone Arrow       |       |       |     4 ||     4
  Use: Scroll            |       |       |     5 ||     5
 Stab: Sleeping          |     4 |     6 |     2 ||    12
Armor: Robe              |    41 |    50 |       ||    91
       Leather armour    |       |    16 |    51 ||    67
Dodge: Dodged            |    56 |    84 |    63 ||   203
